 Dungeon Crawl Stone Soup version 0.20.0-15-g7f486f2 (webtiles) character file.

700 kuniqs the Ducker (level 7, -5/36 HPs)
             Began as a Vine Stalker Venom Mage on June 11, 2017.
             Killed by divine providence
             ... invoked by an orc priest
              (10 damage)
             ... on level 5 of the Dungeon.
             The game lasted 00:07:01 (3625 turns).

kuniqs the Ducker (Vine Stalker Venom Mage)         Turns: 3625, Time: 00:07:02

Health: -5/36      AC: 17    Str: 13    XL:     7   Next: 65%
Magic:  0/11       EV:  4    Int: 15    God:
Gold:   178        SH:  0    Dex: 14    Spells: 7/10 levels left

rFire    . . .     SeeInvis .   e - +2 mace (protect)
rCold    . . .     Gourm    .   (no shield)
rNeg     . . .     Faith    .   i - +0 plate armour
rPois    .         Spirit   +   t - +0 helmet
rElec    .         Reflect  .   (no cloak)
rCorr    .         Harm     .   (no gloves)
MR       .....                  u - +0 pair of boots
Stlth    ..........             (no amulet)
Regen    0.6/turn               n - +4 ring of protection
MPRegen  0.2/turn               (no ring)

@: no status effects
A: fangs 2, regeneration 1, magic shield, antimagic bite, no potion heal 3, rot
immunity
a: no special abilities


You were on level 5 of the Dungeon.
You were hungry.

You visited 1 branch of the dungeon, and saw 5 of its levels.

You collected 178 gold pieces.

Inventory:

Hand Weapons
 e - a +2 mace of protection (weapon)
 q - a +0 rapier
Armour
 a - a +0 robe
 i - a +0 plate armour (worn)
 t - a +0 helmet (worn)
 u - a +0 pair of boots (worn)
Jewellery
 n - a +4 ring of protection (left hand)
Wands
 g - a wand of iceblast (7/15)
Scrolls
 o - 2 scrolls of magic mapping
 p - 2 scrolls of remove curse {@r2}
 s - a scroll of amnesia {unknown}
 y - a scroll of recharging
Potions
 c - 2 potions of brilliance
 h - 3 potions of mutation
 j - a potion of might
 k - 3 potions of flight
 r - a potion of agility
 v - a potion of magic
 w - a potion of cancellation {unknown}
 x - a potion of haste {unknown}
Books
 b - a Young Poisoner's Handbook

   Spells                             Type                      Level
   a - Sting                          Conjuration/Poison           1
   b - Poisonous Vapours              Poison/Air                   2
   c - Mephitic Cloud                 Conjuration/Poison/Air       3
   d - Olgreb's Toxic Radiance        Poison                       4
   e - Venom Bolt                     Conjuration/Poison           5
Comestibles
 d - 3 bread rations
 f - a fruit
 l - 4 chunks of flesh
 m - 3 royal jellies


   Skills:
 + Level 3.2 Fighting
 + Level 2.8 Short Blades
 + Level 3.4 Armour
 + Level 3.9 Dodging
 - Level 2.4 Stealth
 - Level 2.1 Spellcasting
 - Level 1.0 Conjurations
 - Level 3.0 Poison Magic


You had 7 spell levels left.
You knew the following spells:

 Your Spells              Type           Power        Failure   Level  Hunger
a - Sting                 Conj/Pois      #...         100%        1    #......
b - Poisonous Vapours     Pois/Air       #.....       100%        2    ###....


Dungeon Overview and Level Annotations

Branches:
Dungeon (5/15)
 Temple: D:4-7

Altars:
Ashenzari
Fedhas
Gozag
Okawaru


Innate Abilities, Weirdness & Mutations

You have extremely sharp teeth.
Your natural rate of healing is unusually fast.
When hurt, damage is shared between your health and your magic reserves.
Your bite disrupts and absorbs the magic of your enemies.
Potions cannot restore your health.
You are immune to rotting.


Message History

The orc wizard completely misses you.
The orc priest mumbles some strange prayers to Beogh against you.
Beogh smites you!
* * * LOW HITPOINT WARNING * * *
You closely miss the orc priest. Your bite misses the orc priest.
The orc priest is lightly wounded.
The orc wizard hits you but does no damage.
The orc priest looks satisfied for a moment.
The orc wizard hits you but does no damage.
Your plate armour prevents you from hitting the orc priest.
You bite the orc priest, but do no damage.
The orc priest is lightly wounded.
The orc priest barely misses you.
The orc wizard hits you but does no damage.
The orc wizard hits you but does no damage.
The orc priest hits you but does no damage.
The orc wizard hits you but does no damage.
The orc priest calls down the wrath of Beogh upon you.
Beogh smites you!
You die...

##...(..#
##...#.#.#
##.#.#..#.#
#######.......#.#
#.....#..###..#.#
#
#.....#.#.#.#.#.#.
#.......##.##....
#.....#.# ###..##
#..[..#@#####..#
#######.o......#
##o)#..#.# #..
#.......# #..
####.#### #.. #.#
!. #)# #. .o# ###.
#.#. ##...


You could see an orc priest and an orc wizard.

Vanquished Creatures
  Sigmund (D:4)
  A howler monkey (D:4)
  A hound (D:4)
  3 orc wizards (D:4)
  Jessica (D:3)
  2 iguanas (D:4)
  4 worker ants
  Robin (D:4)
  4 gnolls (D:3)
  5 adders
  3 oozes
  An adder skeleton (D:4)
  2 worms
  A dart slug (D:1)
  2 leopard geckos
  11 orcs
  4 giant cockroaches
  17 goblins
  12 hobgoblins
  6 jackals (D:1)
  6 kobolds
  5 quokkas
  4 bats
  5 frilled lizards
  A leopard gecko skeleton (D:4)
  6 rats
109 creatures vanquished.

Notes
Turn   | Place    | Note
-------+----------+-------------------------------------------
     0 | D:1      | kuniqs the Vine Stalker Venom Mage began the quest for the Orb.
     0 | D:1      | Reached XP level 1. HP: 9/9 MP: 4/4
   163 | D:1      | Reached XP level 2. HP: 13/13 MP: 4/6
   240 | D:1      | Learned a level 2 spell: Poisonous Vapours
   467 | D:1      | Reached skill level 1 in Armour
   857 | D:1      | Reached XP level 3. HP: 17/17 MP: 2/7
  1301 | D:1      | Reached skill level 1 in Fighting
  1640 | D:2      | Gained mutation: Your natural rate of healing is unusually fast. [Vine Stalker growth]
  1640 | D:2      | Reached XP level 4. HP: 21/22 MP: 8/8
  1895 | D:2      | Found a blossoming altar of Fedhas.
  2278 | D:3      | Reached XP level 5. HP: 23/25 MP: 9/9
  2521 | D:3      | Reached skill level 1 in Short Blades
  2568 | D:3      | Noticed Jessica
  2575 | D:3      | Killed Jessica
  2644 | D:3      | Found an opulent altar of Gozag.
  2895 | D:4      | Reached XP level 6. HP: 28/30 MP: 10/10
  2918 | D:4      | Found a shattered altar of Ashenzari.
  3000 | D:4      | Noticed Sigmund
  3016 | D:4      | Killed Sigmund
  3081 | D:4      | Reached XP level 7. HP: 31/35 MP: 11/11
  3131 | D:4      | Found an iron altar of Okawaru.
  3190 | D:4      | Noticed Robin
  3221 | D:4      | Killed Robin
  3482 | D:5      | Entered Level 5 of the Dungeon
  3625 | D:5      | Killed from afar by an orc priest

Skill      XL: |  1  2  3  4  5  6  7 |
---------------+----------------------+-----
Dodging        | 2 3 |  3.9
Armour         | 1 2 3 |  3.4
Fighting       | 1 2 3 |  3.2
Short Blades   | 1 2 |  2.8
Stealth        | |  2.4
Spellcasting   | |  2.1
Conjurations   | |  1.0
Poison Magic   | |  3.0

Action                   |  1- 3 |  4- 6 |  7- 9 || total
-------------------------+-------+-------+-------++-------
Melee: Mace              |    59 |   194 |   117 ||   370
       Bite              |    22 |    47 |    34 ||   103
       Rapier            |    10 |       |       ||    10
 Cast: Sting             |    14 |       |       ||    14
       Poisonous Vapours |     8 |       |       ||     8
  Use: Scroll            |       |     9 |     1 ||    10
       Potion            |       |     1 |       ||     1
 Stab: Sleeping          |     1 |       |       ||     1
  Eat: Chunk             |     3 |     5 |     2 ||    10
Armor: Robe              |    10 |       |       ||    10
       Plate armour      |    33 |   208 |   141 ||   382
Dodge: Dodged            |    21 |    22 |    33 ||    76
